Map: Abyssal Reef LE

Players

VAGDESTROYER - Winner!

  • Race: Protoss Protoss
  • Spawn Location: 5:00

A.I. 1 (Elite)

  • Race: Terran Terran
  • Spawn Location: 11:00

VOD

Have the link to the VOD?

Description

Time

  • Played on: July 7, 2017, 8:16 p.m.
  • Length: 21:38
Show
View Real Time Build Order
Export as new Build Order

VAGDESTROYER Protoss - Winner!

Build Orders: 1 Gate Expand, Double Forge, Colossus Rush 

Get SALT Encoding   

  12  0:00  Probe (Chrono Boost)  
  13  0:11  Probe (Chrono Boost)  
  14  0:17  Pylon  
  14  0:22  Probe (Chrono Boost)  
  15  0:35  Gateway  
  15  0:36  Probe (Chrono Boost)  
  16  0:43  Assimilator  
  16  0:47  Probe (Chrono Boost)  
  17  0:58  Probe (Chrono Boost)  
  18  1:09  Probe (Chrono Boost)  
  19  1:19  Probe (Chrono Boost)  
  20  1:26  Nexus  
  21  1:33  Probe (Chrono Boost)  
  21  1:38  Cybernetics Core  
  21  1:43  Probe (Chrono Boost)  
  22  1:50  Assimilator  
  23  1:54  Probe (Chrono Boost)  
  23  2:09  Pylon  
  23  2:15  Warp Gate (Chrono Boost)  
  23  2:27  Probe, Adept  
  23  2:28  Pylon  
  26  2:39  Probe  
  26  2:42  Robotics Facility  
  27  2:46  Probe  
  28  2:58  Probe  
  28  3:00  Probe  
  30  3:09  Probe  
  30  3:12  Probe  
  32  3:16  Forge  
  32  3:17  Forge  
  32  3:19  Mothership Core  
  32  3:24  Probe  
  35  3:32  Pylon  
  35  3:36  Probe  
  35  3:38  Probe  
  37  3:48  Probe, Protoss Ground Weapons Level 1 (Chrono Boost)  
  35  3:49  Probe  
  35  3:50  Gateway  
  35  3:51  Gateway  
  35  3:52  Protoss Ground Armor Level 1 (Chrono Boost)  
  37  4:00  Assimilator  
  37  4:07  Assimilator  
  37  4:08  Probe, Pylon  
  39  4:10  Probe  
  39  4:19  Robotics Bay  
  39  4:23  Observer  
  40  4:24  Probe x2  
  42  4:36  Probe x2  
  44  4:43  Pylon  
  44  4:48  Probe x2  
  46  5:01  Extended Thermal Lance (Chrono Boost)  
  46  5:05  Colossus (Chrono Boost)  
  46  5:06  Stalker  
  54  5:07  Stalker x2  
  58  5:22  Twilight Council  
  58  5:35  Nexus  
  58  5:37  Assimilator, Probe x2  
  58  5:41  Assimilator  
  58  5:42  Protoss Shields Level 1 (Chrono Boost)  
  60  5:58  Probe x2  
  60  6:01  Colossus (Chrono Boost)  
  60  6:04  Adept x2  
  70  6:05  Adept  
  74  6:14  Protoss Ground Weapons Level 2 (Chrono Boost)  
  74  6:29  Charge  
  74  6:30  Probe x2  
  74  6:32  Zealot  
  78  6:36  Pylon x3  
  78  6:46  Probe x3  
  80  6:48  Pylon  
  80  6:49  Zealot  
  83  6:56  Probe  
  83  6:59  Probe x2  
  86  7:01  Colossus (Chrono Boost)  
  86  7:07  Probe  
  86  7:08  Sentry  
  94  7:09  Sentry  
  94  7:11  Probe x2  
  99  7:20  Sentry  
  101  7:25  Probe x2  
  101  7:26  Probe  
  104  7:39  Protoss Ground Armor Level 2 (Chrono Boost)  
  104  7:40  Gravitic Drive  
  104  7:44  Pylon  
  104  7:45  Colossus  
  104  8:09  Resonating Glaives  
  104  8:12  Zealot x3  
  104  8:21  Gateway x2  
  104  8:23  Protoss Shields Level 2 (Chrono Boost)  
  104  8:25  Nexus  
  104  8:31  Colossus  
  110  8:45  Robotics Facility  
  110  8:49  Pylon  
  110  9:04  Adept x3  
  116  9:17  Assimilator  
  116  9:18  Colossus  
  116  9:21  Assimilator  
  116  9:22  Pylon  
  116  9:23  Observer Gravitic Boosters  
  116  9:25  Pylon, Protoss Ground Weapons Level 3 (Chrono Boost)  
  116  9:26  Robotics Facility  
  116  9:27  Pylon  
  104  9:38  Adept x3  
  104  9:39  Adept x2  
  104  9:40  Immortal  
  100  9:48  Probe  
  100  9:49  Probe x3, Blink  
  97  9:57  Mothership Core  
  97  9:58  Stargate  
  96  10:00  Stargate  
  96  10:02  Probe x3  
  96  10:05  Stalker  
  103  10:10  Protoss Air Weapons Level 1 (Chrono Boost), Stalker  
  103  10:11  Stalker  
  107  10:18  Observer  
  107  10:19  Protoss Ground Armor Level 3 (Chrono Boost), Stalker x2  
  112  10:29  Stalker  
  112  10:32  Warp Prism  
  116  10:43  Fleet Beacon  
  116  10:44  Phoenix x2 (Chrono Boost)  
  116  10:49  Probe  
  123  10:50  Probe x3  
  124  11:00  Stalker x3  
  124  11:01  Stalker x2  
  124  11:10  Phoenix x2 (Chrono Boost)  
  102  11:27  Stalker x5  
  102  11:31  Phoenix x2 (Chrono Boost)  
  114  11:35  Probe x4  
  118  11:41  Nexus  
  118  11:44  Protoss Shields Level 3  
  118  11:45  Assimilator  
  114  11:47  Assimilator  
  114  11:52  Protoss Air Weapons Level 2 (Chrono Boost)  
  114  11:56  Zealot x4  
  114  11:57  Zealot  
  112  12:03  Phoenix x2 (Chrono Boost)  
  112  12:06  Graviton Catapult (Chrono Boost)  
  116  12:10  Probe x3  
  116  12:12  Probe  
  118  12:22  Phoenix, Mothership Core  
  122  12:31  Colossus  
  122  12:37  Probe x3  
  125  12:59  Anion Pulse-Crystals (Chrono Boost), Carrier, Cybernetics Core  
  125  13:05  Carrier  
  125  13:09  Colossus  
  143  13:13  Assimilator  
  143  13:20  Assimilator  
  143  13:22  Nexus  
  149  13:29  Immortal, Pylon  
  149  13:30  Pylon  
  153  13:52  Protoss Air Armor Level 1 (Chrono Boost)  
  152  14:13  Carrier  
  152  14:19  Carrier  
  164  14:35  Stalker x5  
  166  14:46  Protoss Air Weapons Level 3 (Chrono Boost)  
  166  14:52  Colossus x2  
  162  14:57  Zealot x3  
  162  14:58  Zealot x2  
  134  15:21  Stargate  
  134  15:23  Stargate  
  134  15:25  Nexus  
  134  15:28  Assimilator  
  134  15:32  Assimilator  
  134  15:34  Stalker x3  
  134  15:35  Adept x2  
  144  15:38  Protoss Air Armor Level 2 (Chrono Boost)  
  144  15:39  Carrier (Chrono Boost)  
  150  15:45  Colossus  
  150  15:46  Immortal, Carrier (Chrono Boost)  
  166  15:55  Probe x2  
  168  16:04  Carrier (Chrono Boost)  
  168  16:06  Carrier (Chrono Boost)  
  180  16:12  Stalker x4  
  189  16:25  Observer  
  190  16:40  Observer  
  166  16:58  Carrier (Chrono Boost)  
  168  17:05  Carrier (Chrono Boost)  
  174  17:11  Adept x4  
  174  17:12  Adept  
  184  17:20  Carrier (Chrono Boost)  
  184  17:22  Carrier (Chrono Boost)  
  196  17:25  Observer x2  
  186  18:00  Colossus  
  186  18:01  Colossus  
  186  18:06  Mothership Core  
  182  18:13  Carrier (Chrono Boost)  
  182  18:19  Carrier (Chrono Boost)  
  187  18:39  Carrier (Chrono Boost)  
  199  18:44  Protoss Air Armor Level 3  
  198  19:24  Nexus  
  198  19:27  Assimilator  
  198  19:30  Nexus  
  198  19:31  Assimilator  
  198  19:32  Assimilator  
  198  19:37  Assimilator  
  193  19:55  Carrier (Chrono Boost)  
  199  20:27  Nexus  
  199  20:29  Assimilator  
  199  20:33  Assimilator  
  199  20:44  Assimilator  
  199  20:46  Assimilator  
  199  20:55  Nexus  
  199  20:58  Assimilator  
  199  21:00  Assimilator  
Show
View Real Time Build Order
Export as new Build Order

A.I. 1 (Elite) Terran 

Build Orders: Command Center First (CC), MMM Bio 

Get SALT Encoding   

  12  0:00  SCV  
  13  0:13  SCV  
  14  0:18  Supply Depot  
  14  0:25  SCV  
  15  0:40  SCV  
  16  0:52  SCV  
  17  1:04  Command Center, SCV  
  18  1:16  Barracks  
  18  1:19  SCV  
  19  1:47  Supply Depot  
  19  1:51  Refinery  
  19  1:54  SCV  
  20  2:04  Marine  
  20  2:06  Orbital Command  
  21  2:11  Barracks  
  21  2:16  SCV  
  21  2:22  Marine, Refinery  
  22  2:28  SCV  
  24  2:40  Marine, Supply Depot  
  24  2:41  SCV  
  26  2:49  Orbital Command  
  26  2:56  SCV  
  26  2:58  Marine x2  
  29  3:06  Factory  
  29  3:08  SCV  
  29  3:15  SCV  
  29  3:16  Marine x2  
  32  3:20  SCV  
  33  3:27  SCV  
  33  3:32  SCV  
  33  3:33  Marine  
  33  3:34  Marine  
  37  3:40  SCV  
  37  3:41  Barracks  
  37  3:44  SCV  
  38  3:52  Barracks Tech Lab, SCV  
  38  3:53  Barracks Tech Lab  
  39  3:56  SCV  
  39  4:00  Starport, Factory Tech Lab  
  40  4:04  SCV  
  40  4:08  SCV  
  41  4:11  Marine  
  41  4:12  Marine  
  41  4:16  SCV, Stimpack  
  44  4:18  Combat Shields  
  44  4:20  SCV  
  45  4:26  Supply Depot  
  45  4:28  SCV  
  46  4:33  SCV  
  46  4:34  Marine  
  46  4:35  Marine  
  46  4:37  Marine  
  50  4:40  SCV  
  50  4:45  Supply Depot, SCV  
  52  4:48  Medivac  
  52  4:52  SCV  
  55  4:55  Siege Tank  
  55  4:57  SCV  
  55  4:59  Marine, Supply Depot  
  60  5:00  Marine  
  60  5:04  SCV  
  62  5:09  Refinery, SCV  
  62  5:12  Refinery  
  63  5:16  SCV  
  63  5:17  Marauder  
  63  5:19  Marauder  
  63  5:21  SCV  
  69  5:24  Supply Depot  
  69  5:28  SCV  
  69  5:33  SCV  
  71  5:38  Engineering Bay  
  71  5:39  Marauder  
  71  5:40  Engineering Bay, Marauder  
  71  5:41  SCV  
  76  5:45  SCV  
  76  5:47  Supply Depot  
  76  5:48  Command Center  
  77  5:59  SCV  
  77  6:00  Marauder  
  77  6:01  SCV  
  81  6:05  Marauder, Terran Infantry Weapons Level 1  
  81  6:11  SCV  
  84  6:12  Supply Depot  
  84  6:13  SCV  
  84  6:15  Terran Infantry Armor Level 1  
  84  6:16  Barracks Reactor  
  85  6:19  Medivac  
  85  6:21  Marauder  
  85  6:23  Missile Turret  
  89  6:26  Marauder  
  89  6:27  Concussive Shells  
  91  6:33  Missile Turret  
  91  6:37  Barracks  
  91  6:38  Supply Depot  
  91  6:43  Marauder  
  93  6:47  Marine  
  93  6:50  Starport Reactor  
  93  6:52  Marine  
  93  6:53  Marine, Missile Turret  
  96  7:00  SCV  
  97  7:01  SCV  
  97  7:02  SCV  
  97  7:04  Marauder  
  97  7:05  Marine  
  102  7:12  SCV  
  102  7:14  Orbital Command  
  104  7:15  SCV  
  104  7:17  Supply Depot  
  104  7:23  Marauder  
  104  7:24  SCV  
  104  7:26  Medivac, Viking  
  104  7:27  SCV  
  104  7:28  Marauder  
  114  7:30  Missile Turret  
  114  7:36  SCV  
  115  7:40  Missile Turret  
  115  7:43  Supply Depot, SCV  
  115  7:44  Command Center, SCV  
  116  7:49  Siege Tank, SCV  
  121  7:55  SCV  
  121  7:56  Medivac, SCV  
  117  8:01  SCV  
  117  8:02  Marine  
  117  8:03  Marine  
  117  8:05  Marine  
  102  8:07  Marine, SCV  
  102  8:09  Marine  
  96  8:18  Viking  
  96  8:19  SCV  
  98  8:20  Marine  
  98  8:21  Siege Tank  
  98  8:22  Marauder  
  98  8:23  Marine  
  98  8:25  Marine  
  106  8:28  Viking  
  108  8:38  Marauder  
  110  8:43  Marauder  
  110  8:47  Supply Depot  
  110  8:48  Refinery, Viking  
  114  8:53  Siege Tank, Refinery  
  117  8:58  Marine x2, Viking  
  117  8:59  Marine, Marauder  
  124  9:03  Command Center  
  124  9:04  Marauder  
  126  9:14  Supply Depot  
  126  9:17  Marine  
  126  9:18  Viking  
  126  9:21  Marauder  
  130  9:25  Siege Tank  
  130  9:26  Marauder  
  130  9:28  Viking  
  135  9:31  Marine  
  135  9:32  Marine  
  135  9:35  Marine  
  123  9:40  Supply Depot  
  123  9:42  Marauder, Missile Turret  
  112  9:47  Marine  
  112  9:48  Viking  
  112  9:49  Marine, Armory  
  112  9:50  Marine  
  113  9:52  Marine  
  113  9:58  Viking  
  116  10:04  Marine, Marauder, Armory  
  119  10:07  Marine, Missile Turret  
  119  10:09  Marine  
  119  10:10  Marine  
  122  10:18  Viking  
  124  10:21  Missile Turret  
  124  10:22  Marine  
  124  10:25  Marauder  
  124  10:26  Marine, SCV  
  124  10:27  SCV x3  
  132  10:36  Terran Infantry Weapons Level 2, Terran Ship Weapons Level 1  
  132  10:39  SCV  
  132  10:40  Planetary Fortress, Missile Turret  
  132  10:41  Marauder  
  135  10:44  Marine  
  135  10:46  Marine, Marauder  
  135  10:47  Marine, Missile Turret  
  139  11:01  Marine  
  139  11:02  Marine  
  139  11:03  Marine  
  130  11:05  Marine  
  130  11:08  Marauder  
  130  11:09  Viking, Missile Turret  
  129  11:17  Viking  
  116  11:20  Marine, Marauder  
  116  11:21  Marine  
  116  11:23  Marine  
  116  11:24  Command Center  
  112  11:29  Marauder  
  104  11:38  Marine  
  104  11:39  Viking  
  107  11:40  Marine, Factory  
  107  11:41  Marine, Marauder  
  107  11:47  Viking  
  113  11:49  Starport  
  113  11:50  Marine  
  113  11:53  SCV  
  114  11:56  Marine  
  114  11:57  SCV  
  114  11:58  Marine  
  114  11:59  Marine  
  114  12:00  SCV  
  116  12:02  SCV, Marauder  
  116  12:06  SCV  
  116  12:08  Marauder  
  116  12:09  Viking, SCV  
  116  12:12  SCV  
  116  12:13  Marine  
  116  12:15  Marine, SCV  
  117  12:17  Marine  
  117  12:18  SCV  
  117  12:21  SCV  
  116  12:23  Factory Tech Lab, Hi-Sec Auto Tracking  
  116  12:24  Marauder, SCV  
  116  12:26  Starport Tech Lab  
  116  12:27  SCV  
  118  12:30  Marauder, SCV  
  118  12:33  SCV  
  118  12:35  SCV  
  121  12:38  SCV  
  121  12:39  SCV  
  121  12:42  SCV  
  124  12:44  Raven  
  124  12:45  High Capacity Fuel Tanks, Marauder, SCV  
  124  12:50  Planetary Fortress, SCV  
  132  12:51  Marauder  
  132  12:53  SCV  
  132  12:54  SCV  
  132  12:58  SCV  
  135  13:01  Terran Infantry Weapons Level 3  
  135  13:02  SCV  
  135  13:05  Missile Turret  
  136  13:07  Missile Turret  
  136  13:08  Marauder  
  140  13:12  Marauder  
  140  13:21  Building Armor  
  140  13:25  Barracks  
  140  13:26  Barracks Tech Lab, Ghost Academy  
  140  13:27  Marine, Raven  
  140  13:28  Marine  
  140  13:29  Marauder  
  140  13:33  Marine, Command Center  
  147  13:42  Viking  
  147  13:44  Viking, Marauder  
  147  13:45  Marine  
  147  13:47  Terran Ship Weapons Level 2  
  154  13:51  Marauder  
  154  13:52  Marauder  
  154  13:54  Liberator  
  158  13:56  Marine  
  159  14:03  Marine  
  159  14:05  Ghost  
  162  14:10  Viking  
  162  14:12  Marauder, Ghost  
  162  14:14  Marine, Medivac  
  162  14:16  Supply Depot  
  174  14:21  Marine, SCV  
  174  14:23  SCV  
  172  14:25  SCV  
  172  14:27  Liberator, SCV x2  
  172  14:29  Marine  
  173  14:31  Marine  
  173  14:33  SCV, Ghost, Marauder  
  173  14:39  Marine  
  173  14:40  Viking  
  173  14:42  Marauder  
  181  14:47  Planetary Fortress  
  148  14:54  Medivac  
  148  14:55  Marine  
  148  14:56  Marine x2  
  148  14:57  Marine  
  137  15:03  Marine, Marauder  
  137  15:06  Personal Cloaking  
  132  15:09  Missile Turret  
  132  15:10  Viking  
  132  15:13  Marine x2  
  132  15:14  Marine, Missile Turret  
  132  15:15  Marine  
  132  15:18  SCV  
  136  15:21  Marauder  
  136  15:24  Marine, Viking  
  136  15:27  Viking  
  141  15:31  Marine, Marauder  
  141  15:32  Marine  
  141  15:33  Marine  
  146  15:39  Liberator  
  146  15:40  Viking  
  146  15:41  Marine  
  146  15:42  Marauder, Terran Infantry Armor Level 2  
  151  15:48  Command Center  
  151  15:49  Marine  
  152  15:52  Ghost  
  152  15:54  Medivac  
  159  15:57  Marine  
  159  15:59  Marine  
  159  16:00  Marauder  
  159  16:03  Marine  
  164  16:07  Marine, Terran Ship Weapons Level 3  
  164  16:10  Viking  
  166  16:12  SCV  
  166  16:15  Marine  
  168  16:21  Marine, Marauder, Ghost  
  168  16:22  Marine  
  168  16:24  Viking  
  168  16:25  Marine  
  176  16:31  Refinery  
  176  16:32  Marine, Refinery  
  175  16:33  Refinery  
  175  16:39  Viking, Marauder  
  180  16:40  Marine, Viking  
  180  16:45  Refinery  
  180  16:46  Marine, Refinery  
  185  16:47  Marauder  
  185  16:48  Refinery  
  185  16:50  Marauder  
  185  16:51  Marine  
  155  16:54  Viking  
  155  16:58  Marine  
  155  17:00  Marine  
  141  17:04  Marine  
  141  17:07  Refinery  
  144  17:08  Marauder  
  144  17:09  Marine, Viking  
  144  17:10  Raven  
  144  17:11  Marauder  
  144  17:13  Refinery  
  151  17:16  Marine  
  151  17:18  Marauder  
  151  17:20  Planetary Fortress  
  151  17:22  Marine, Missile Turret  
  155  17:24  Viking  
  155  17:25  Missile Turret  
  155  17:27  Marine  
  155  17:29  Nuke  
  160  17:30  Marauder  
  160  17:32  Marine  
  160  17:34  Marine  
  162  17:37  Liberator  
  162  17:39  Viking  
  162  17:40  Marine, Marauder  
  167  17:50  Marine  
  167  17:51  Marauder  
  171  17:53  Marine  
  162  18:01  Marauder  
  162  18:02  Marine  
  127  18:08  Marine  
  127  18:09  Viking  
  127  18:10  Marine  
  127  18:11  Marine  
  95  18:12  SCV  
  95  18:14  SCV x2  
  95  18:17  SCV  
  95  18:18  SCV  
  95  18:19  Marine  
  90  18:21  SCV  
  90  18:23  Siege Tank, Marauder  
  90  18:26  Marine  
  91  18:28  Marine  
  91  18:30  Marauder  
  91  18:33  SCV x2  
  83  18:37  Marine, Viking  
  83  18:39  Viking  
  83  18:42  Command Center  
  62  19:04  Command Center  
  39  19:46  Command Center  
  25  20:12  Marine  
  26  20:32  SCV  
  23  20:45  Command Center  
  23  20:57  Supply Depot  
  18  21:18  Supply Depot  
Tags
 
Add a new tag
Caveats
  • Supply blocks, unpowered buildings, or Contaminate may cause inaccurate times.
  • Supply counts are checked every 10 seconds.